Mulligans vs Senators (R1)

Created - February 24, 2020 at 19:35

Goals
1 2 3 T
Mulligans 3 3 4 10
Senators 0 1 5 6
Shots
1 2 3 T
Mulligans 13 15 8 36
Senators 10 7 16 33

1st period

1. Mulligans , Drayson Bowman 14 (Joonas Donskoi 14, Anton Lander 59) at 6:07
2. Mulligans , Matt Beleskey 19 (Maxime Macenauer 28, Logan Shaw 26) at 13:50
3. Mulligans , Matt Beleskey 20 (Logan Shaw 27, Anton Lander 60) at 15:50

Penalties :
Cody Goloubef (Rep) for Holding (Minor) at 2:54, Dylan Blujus (BIN) for Slashing (Minor) at 6:10

2nd period

4. Senators , Matt Frattin 37 (Scott Harrington 29) at 1:30
5. Mulligans , Matt Beleskey 21 (Logan Shaw 28, Maxime Macenauer 29) at 8:00
6. Mulligans , Joonas Donskoi 10 (Ben Hutton 15, Drayson Bowman 9) at 15:57
7. Mulligans , Sam Bennett 5 (Joonas Donskoi 15, Drayson Bowman 10) at 18:46

Penalties :
Ben Hutton (Rep) for Interference (Minor) at 3:52, Eric Tangradi (Rep) for Tripping (Minor) at 4:16, Darren Dietz (Rep) for Hooking (Minor) at 9:21, Dylan Blujus (BIN) for Hooking (Minor) at 16:08, Chandler Stephenson (BIN) for Holding (Minor) at 19:51

3rd period

8. Senators , Tomas Jurco 22 (Jan Mursak 24, Chandler Stephenson 26) at 2:41
9. Mulligans , Eric Tangradi 40 (Anton Lander 61, Jonathan Ferland 38) at 2:47
10. Mulligans , Robby Fabbri 2 (Sven Baertschi 9, Cody Goloubef 24) at 4:09
11. Mulligans , Eric Tangradi 41 (Darren Dietz 16, Anton Lander 62) at 4:15
12. Senators , Chandler Stephenson 10 (Tomas Jurco 20, Jan Mursak 25) at 6:09 (PP)
13. Senators , Dylan Blujus 3 (Tomas Jurco 21, Jan Mursak 26) at 7:44 (PP)
14. Senators , Jan Mursak 23 (Chandler Stephenson 27) at 10:57
15. Senators , Grant Besse 11 (Jake Evans 3, Adam Ollas-Mattsson 5) at 11:37
16. Mulligans , Joonas Donskoi 11 (Darren Dietz 17, Michael Sdao 21) at 17:16

Penalties :
Valeri Nichushkin (Rep) for Hooking (Minor) at 5:32, Cody Goloubef (Rep) for Hooking (Minor) at 6:51, Sven Baertschi (Rep) for Hooking (Minor) at 18:33

Goalie Stats

Calvin Pickard (Rep), 27 saves from 33 shots - (0.818), W, 19-13-4, 60:00 minutes
Justin Peters (BIN), 4 saves from 8 shots - (0.500), L, 20-14-2, 21:14 minutes
Stephon Williams (BIN), 22 saves from 28 shots - (0.786), 38:46 minutes

Players Stats for Mulligans

Player Name              G  A  P  +/- PIM S  H  SB GA TA FO     MP     PP MP  PK MP  
------------------------------------------------------------------------------------
Anton Lander             0  4  4   0  0   1  4  1  2  1  22/44  24:00   3:19   5:16 
Ben Hutton               0  1  1   1  2   0  0  0  0  1  0/0    19:57   2:26   3:12 
Cody Goloubef            0  1  1   2  4   1  2  1  1  0  0/0    27:45   3:31   3:42 
Cristiano Digiacinto     0  0  0   0  0   0  0  0  0  0  0/0     0:00   0:00   0:00 
Dalton Thrower           0  0  0   3  0   0  0  0  0  2  0/0    10:06   0:00   0:10 
Darren Dietz             0  2  2   1  2   3  1  2  0  0  0/0    18:41   2:26   2:27 
Drayson Bowman           1  2  3   3  0   1  1  0  0  0  0/0     9:01   0:00   0:00 
Eric Tangradi            2  0  2   0  2   6  0  0  0  0  4/4    23:00   3:19   4:16 
John Hayden              0  0  0   0  0   0  0  0  0  0  0/0     1:27   0:00   1:27 
Jonathan Ferland         0  1  1   0  0   1  2  0  0  0  0/0    20:33   3:19   1:53 
Jonny Brodzinski         0  0  0   0  0   0  0  0  0  0  0/0     0:00   0:00   0:00 
Joonas Donskoi           2  2  4   3  0   3  0  0  0  0  0/0     9:01   0:00   0:00 
Logan Shaw               0  3  3   2  0   4  0  0  0  2  0/1    16:48   2:38   0:00 
Matt Beleskey            3  0  3   2  0   8  4  0  0  1  0/1    16:48   2:38   0:00 
Maxime Macenauer         0  2  2   2  0   1  2  0  2  0  7/12   18:41   2:38   1:53 
Michael Sdao             0  1  1   2  0   4  2  3  1  2  0/0    30:37   3:31   5:52 
Nick Moutrey             0  0  0   0  0   0  0  0  0  0  0/2     0:54   0:00   0:41 
Reid Boucher             0  0  0   0  0   0  0  0  0  0  0/0     0:18   0:00   0:18 
Robbie Russo             0  0  0   3  0   0  0  2  0  1  0/0    13:09   0:00   3:13 
Robby Fabbri             1  0  1   1  0   1  0  0  0  0  2/2     5:57   0:00   0:00 
Sam Bennett              1  0  1   3  0   1  0  1  0  0  3/8     9:01   0:00   0:00 
Sven Baertschi           0  1  1   1  2   1  2  0  1  1  0/0     7:21   0:00   1:12 
Valeri Nichushkin        0  0  0   1  2   0  0  0  0  0  0/0     5:56   0:00   0:00 

Players Stats for Senators

Player Name              G  A  P  +/- PIM S  H  SB GA TA FO     MP     PP MP  PK MP  
------------------------------------------------------------------------------------
Adam Ollas-Mattsson      0  1  1  -1  0   0  0  0  0  0  0/0    11:50   0:00   2:30 
Andy Andreoff            0  0  0   1  0   4  2  0  1  0  1/1    11:32   0:00   2:09 
Blake Coleman            0  0  0  -3  0   0  0  0  0  1  1/2     5:58   0:00   0:00 
Brett Bulmer             0  0  0  -3  0   1  0  0  0  0  0/2     5:58   0:00   0:00 
Chandler Stephenson      1  2  3  -2  2   3  0  2  0  0  9/14   16:43   3:49   0:00 
Dylan Blujus             1  0  1  -4  4   2  2  1  1  0  0/0    28:14   6:19   1:28 
Grant Besse              1  0  1   1  0   2  0  0  0  0  0/1     8:52   0:00   0:00 
Jack Dougherty           0  0  0  -1  0   1  0  0  2  1  0/0    19:36   2:39   1:55 
Jake Evans               0  1  1   1  0   1  0  0  0  0  3/8     8:52   0:00   0:00 
Jan Mursak               1  3  4  -1  0   2  2  0  1  0  0/0    20:17   3:49   3:48 
Keegan Lowe              0  0  0  -3  0   0  2  2  0  1  0/0    29:15   6:19   4:02 
Mason Geertsen           0  0  0  -2  0   1  2  2  0  0  0/0    10:45   0:19   0:04 
Matt Frattin             1  0  1  -2  0   4  5  1  2  1  3/5    23:54   5:28   1:25 
Maxim Letunov            0  0  0   0  0   0  0  0  0  0  0/0     0:26   0:16   0:00 
Nick Foligno             0  0  0  -2  0   6  0  1  1  1  5/10   25:06   5:12   3:34 
Patrick Maroon           0  0  0  -3  0   1  0  1  1  0  1/1     6:53   0:00   0:55 
Scott Harrington         0  1  1  -1  0   1  0  1  0  2  0/0    20:49   2:58   1:55 
Tomas Jurco              1  2  3  -2  0   2  5  0  1  0  0/0    16:41   3:49   0:00 
Warren Foegele           0  0  0  -1  0   0  0  0  0  0  2/2     0:41   0:16   0:00 
Zemgus Girgensons        0  0  0  -2  0   2  1  1  1  0  11/28  21:38   5:12   0:03 

3 Stars

1 - Matt Beleskey (Rep)
2 - Joonas Donskoi (Rep)
3 - Drayson Bowman (Rep)

Power Play

Mulligans - 0 on 3 Attempt(s) - 0.00%
Senators - 2 on 7 Attempt(s) - 28.57%

Penalty Kill

Mulligans - 5 on 7 Attempt(s) - 71.43% - Score 0 goal in Penalty Kill
Senators - 3 on 3 Attempt(s) - 100.00% - Score 0 goal in Penalty Kill

Team Stat

Mulligans - Hits : 20 - Faceoff Wins : 38 - Blocked Shots : 10 - Penalty Minutes : 14
Senators - Hits : 21 - Faceoff Wins : 36 - Blocked Shots : 12 - Penalty Minutes : 6

Official

Referees : Unknown
Linesman : Unknown

Game Notes

Matt Beleskey has scored a Hat Trick!
Justin Peters enters game at 18:46 of 2nd period

Finance

Level 1 -- Attendance: 1722 (86.10%) -- Ticket Income $56,826
Level 2 -- Attendance: 1000 (100.00%) -- Ticket Income $15,000
Total Attendance: 2722 (90.73%)
Total Ticket Income: $71,826
Other Income: $3,591
Total Income: $75,417

Mulligans

5 vs 5 Forward 
   Center                   Left Wing                Right Wing               Time % Phy DF OF 
 1 Anton Lander             Eric Tangradi            Jonathan Ferland         40     1   2  2  
 2 Maxime Macenauer         Matt Beleskey            Logan Shaw               30     1   2  2  
 3 Sam Bennett              Drayson Bowman           Joonas Donskoi           20     1   2  2  
 4 Robby Fabbri             Sven Baertschi           Valeri Nichushkin        10     1   2  2  

5 vs 5 Defense 
   Defense                  Defense                                           Time % Phy DF OF 
 1 Cody Goloubef            Michael Sdao                                      40     1   2  2  
 2 Ben Hutton               Darren Dietz                                      30     1   2  2  
 3 Dalton Thrower           Robbie Russo                                      20     1   2  2  
 4 Cody Goloubef            Michael Sdao                                      10     1   2  2  

PowerPlay Forward 
   Center                   Left Wing                Right Wing               Time % Phy DF OF 
 1 Anton Lander             Eric Tangradi            Jonathan Ferland         60     1   2  2  
 2 Maxime Macenauer         Matt Beleskey            Logan Shaw               40     1   2  2  

PowerPlay Defense
   Defense                  Defense                                           Time % Phy DF OF 
 1 Cody Goloubef            Michael Sdao                                      60     1   2  2  
 2 Ben Hutton               Darren Dietz                                      40     1   2  2  

Penalty Kill 4 Players Forward 
   Center                   Wing                     Time % Phy DF OF 
 1 Anton Lander             Eric Tangradi            60     1   2  2  
 2 Jonathan Ferland         Maxime Macenauer         40     1   2  2  

Penalty Kill 4 Players Defense
   Defense                  Defense                  Time % Phy DF OF 
 1 Cody Goloubef            Michael Sdao             60     1   2  2  
 2 Ben Hutton               Darren Dietz             40     1   2  2  

Penalty Kill - 3 Players Forward 
   Forward                                           Time % Phy DF OF 
 1 Anton Lander                                      60     1   2  2  
 2 Eric Tangradi                                     40     1   2  2  

Penalty Kill - 3 Players Defense
   Defense                  Defense                  Time % Phy DF OF 
 1 Cody Goloubef            Michael Sdao             60     1   2  2  
 2 Ben Hutton               Darren Dietz             40     1   2  2  

4 vs 4 Forward 
   Center                   Wing                     Time % Phy DF OF 
 1 Anton Lander             Eric Tangradi            60     1   2  2  
 2 Jonathan Ferland         Maxime Macenauer         40     1   2  2  

4 vs 4 Defense
   Defense                  Defense                  Time % Phy DF OF 
 1 Cody Goloubef            Michael Sdao             60     1   2  2  
 2 Ben Hutton               Darren Dietz             40     1   2  2  

Last Minutes Offensive
   Center                   Left Wing                Right Wing               Defense                  Defense                  
   Anton Lander             Eric Tangradi            Jonathan Ferland         Cody Goloubef            Michael Sdao             

Last Minutes Defensive
   Center                   Left Wing                Right Wing               Defense                  Defense                  
   Anton Lander             Eric Tangradi            Jonathan Ferland         Cody Goloubef            Michael Sdao             

Goaltenders
Starting : Calvin Pickard           
Backup : Juuse Saros              

Extra Forwards
Normal : Reid Boucher, Jonny Brodzinski, John Hayden - PP : Reid Boucher, Jonny Brodzinski - PK : John Hayden
Extra Defensemen
Normal : Dalton Thrower, Robbie Russo, Ben Hutton - PP : Dalton Thrower - PK : Robbie Russo, Ben Hutton
Penalty Shots
Anton Lander, Eric Tangradi, Jonathan Ferland, Maxime Macenauer, Matt Beleskey

Scratches
Cade Fairchild (Back Spasms Injury)

Senators

5 vs 5 Forward 
   Center                   Left Wing                Right Wing               Time % Phy DF OF 
 1 Zemgus Girgensons        Nick Foligno             Matt Frattin             40     1   2  2  
 2 Chandler Stephenson      Jan Mursak               Tomas Jurco              30     1   2  2  
 3 Jake Evans               Andy Andreoff            Grant Besse              20     1   2  2  
 4 Blake Coleman            Patrick Maroon           Brett Bulmer             10     1   2  2  

5 vs 5 Defense 
   Defense                  Defense                                           Time % Phy DF OF 
 1 Keegan Lowe              Dylan Blujus                                      40     1   2  2  
 2 Scott Harrington         Jack Dougherty                                    30     1   2  2  
 3 Mason Geertsen           Adam Ollas-Mattsson                               20     1   2  2  
 4 Keegan Lowe              Dylan Blujus                                      10     1   2  2  

PowerPlay Forward 
   Center                   Left Wing                Right Wing               Time % Phy DF OF 
 1 Zemgus Girgensons        Nick Foligno             Matt Frattin             60     1   2  2  
 2 Chandler Stephenson      Jan Mursak               Tomas Jurco              40     1   2  2  

PowerPlay Defense
   Defense                  Defense                                           Time % Phy DF OF 
 1 Keegan Lowe              Dylan Blujus                                      60     1   2  2  
 2 Scott Harrington         Jack Dougherty                                    40     1   2  2  

Penalty Kill 4 Players Forward 
   Center                   Wing                     Time % Phy DF OF 
 1 Nick Foligno             Jan Mursak               60     1   2  2  
 2 Matt Frattin             Andy Andreoff            40     1   2  2  

Penalty Kill 4 Players Defense
   Defense                  Defense                  Time % Phy DF OF 
 1 Keegan Lowe              Dylan Blujus             60     1   2  2  
 2 Scott Harrington         Jack Dougherty           40     1   2  2  

Penalty Kill - 3 Players Forward 
   Forward                                           Time % Phy DF OF 
 1 Nick Foligno                                      60     1   2  2  
 2 Jan Mursak                                        40     1   2  2  

Penalty Kill - 3 Players Defense
   Defense                  Defense                  Time % Phy DF OF 
 1 Keegan Lowe              Dylan Blujus             60     1   2  2  
 2 Scott Harrington         Jack Dougherty           40     1   2  2  

4 vs 4 Forward 
   Center                   Wing                     Time % Phy DF OF 
 1 Nick Foligno             Jan Mursak               60     1   2  2  
 2 Matt Frattin             Andy Andreoff            40     1   2  2  

4 vs 4 Defense
   Defense                  Defense                  Time % Phy DF OF 
 1 Keegan Lowe              Dylan Blujus             60     1   2  2  
 2 Scott Harrington         Jack Dougherty           40     1   2  2  

Last Minutes Offensive
   Center                   Left Wing                Right Wing               Defense                  Defense                  
   Zemgus Girgensons        Nick Foligno             Matt Frattin             Keegan Lowe              Dylan Blujus             

Last Minutes Defensive
   Center                   Left Wing                Right Wing               Defense                  Defense                  
   Zemgus Girgensons        Nick Foligno             Matt Frattin             Keegan Lowe              Dylan Blujus             

Goaltenders
Starting : Stephon Williams         
Backup : Justin Peters            

Extra Forwards
Normal : Warren Foegele, Maxim Letunov, Patrick Maroon - PP : Warren Foegele, Maxim Letunov - PK : Patrick Maroon
Extra Defensemen
Normal : Mason Geertsen, Adam Ollas-Mattsson, Scott Harrington - PP : Mason Geertsen - PK : Adam Ollas-Mattsson, Scott Harrington
Penalty Shots
Nick Foligno, Jan Mursak, Matt Frattin, Andy Andreoff, Tomas Jurco

Scratches
Michal Repik (Torn Right ACL Injury), Pontus Sjalin (Broken Right Foot Toe Injury), Keven Bouchard (Healthy)

% Time on Ice - Mulligans

Lines # - Real PCT - Wanted PCT - Time Play
Normal Forward
1 - 35% - 40% - 15:38
2 - 32% - 30% - 14:10
3 - 20% - 20% - 9:01
4 - 13% - 10% - 5:57
Normal Defense
1 - 44% - 40% - 19:29
2 - 32% - 30% - 14:09
3 - 22% - 20% - 9:56
4 - 3% - 10% - 1:12
PP Forward
1 - 56% - 60% - 3:19
2 - 44% - 40% - 2:38
PP Defense
1 - 59% - 60% - 3:31
2 - 41% - 40% - 2:26
PK Forward
1 - 75% - 60% - 5:47
2 - 25% - 40% - 1:55
PK Defense
1 - 64% - 60% - 4:56
2 - 36% - 40% - 2:46
PK3 Forward
1 - 73% - 60% - 1:09
2 - 27% - 40% - 0:26
PK3 Defense
1 - 54% - 60% - 0:51
2 - 46% - 40% - 0:44
44 Forward
1 - 0% - 60%
2 - 0% - 40%
44 Defense
1 - 0% - 60%
2 - 0% - 40%
Last Minute Offensive  - 0:00
Last Minute Defensive  - 0:00
Total
Forward - 60:00
Defense - 60:00

% Time on Ice - Senators

Lines # - Real PCT - Wanted PCT - Time Play
Normal Forward
1 - 37% - 40% - 16:33
2 - 30% - 30% - 13:23
3 - 20% - 20% - 8:52
4 - 13% - 10% - 5:58
Normal Defense
1 - 41% - 40% - 18:18
2 - 36% - 30% - 15:56
3 - 21% - 20% - 9:20
4 - 3% - 10% - 1:12
PP Forward
1 - 59% - 60% - 5:28
2 - 41% - 40% - 3:49
PP Defense
1 - 68% - 60% - 6:19
2 - 32% - 40% - 2:58
PK Forward
1 - 76% - 60% - 4:32
2 - 24% - 40% - 1:25
PK Defense
1 - 68% - 60% - 4:02
2 - 32% - 40% - 1:55
PK3 Forward
1 - 0% - 60%
2 - 0% - 40%
PK3 Defense
1 - 0% - 60%
2 - 0% - 40%
44 Forward
1 - 0% - 60%
2 - 0% - 40%
44 Defense
1 - 0% - 60%
2 - 0% - 40%
Last Minute Offensive  - 0:00
Last Minute Defensive  - 0:00
Total
Forward - 60:00
Defense - 60:00

Play-by-Play

1st period


0:01 of 1st period - Anton Lander wins face-off versus Zemgus Girgensons in neutral zone.
0:26 of 1st period - Keegan Lowe is hit by Maxime Macenauer and loses puck.
0:33 of 1st period - Maxime Macenauer is hit by Tomas Jurco and loses puck.
1:12 of 1st period - Snap shot by Sven Baertschi.
1:12 of 1st period - Shot Misses the Net.
1:14 of 1st period - Slapshot by Dalton Thrower.
1:14 of 1st period - Deflect By Valeri Nichushkin.
1:14 of 1st period - Shot Hit the Post.
1:14 of 1st period - Puck is out of play.
1:15 of 1st period - Robby Fabbri wins face-off versus Brett Bulmer in Senators zone.
1:48 of 1st period - Wrist shot by Matt Frattin.
1:48 of 1st period - Stopped by Calvin Pickard with a rebound.
1:50 of 1st period - Slapshot by Mason Geertsen.
1:50 of 1st period - Deflect By Darren Dietz.
1:50 of 1st period - Stopped by Calvin Pickard with a rebound.
1:52 of 1st period - Snap shot by Mason Geertsen.
1:52 of 1st period - Shot Misses the Net.
2:29 of 1st period - Snap shot by Matt Beleskey.
2:29 of 1st period - Deflect By Keegan Lowe.
2:29 of 1st period - Shot Misses the Net.
2:29 of 1st period - Puck is out of play.
2:30 of 1st period - Nick Foligno wins face-off versus Anton Lander in Senators zone.
2:45 of 1st period - Snap shot by Nick Foligno.
2:45 of 1st period - Stopped by Calvin Pickard without a rebound.
2:46 of 1st period - Chandler Stephenson wins face-off versus Sam Bennett in Mulligans zone.
2:54 of 1st period - Minor Penalty to Cody Goloubef for Holding.
2:55 of 1st period - Anton Lander wins face-off versus Zemgus Girgensons in Mulligans zone.
4:54 of 1st period - Penalty to Cody Goloubef is over, Cody Goloubef is back on ice.
5:04 of 1st period - Off-side.
5:05 of 1st period - Andy Andreoff wins face-off versus Sam Bennett in neutral zone.
5:08 of 1st period - Wrist shot by Grant Besse.
5:08 of 1st period - Shot Blocked by Robbie Russo.
5:10 of 1st period - Wrist shot by Grant Besse.
5:10 of 1st period - Stopped by Calvin Pickard without a rebound.
5:11 of 1st period - Maxime Macenauer wins face-off versus Chandler Stephenson in Mulligans zone.
5:11 of 1st period - Maxime Macenauer is hit by Jan Mursak.
6:07 of 1st period - Backhand shot by Drayson Bowman.
6:07 of 1st period - Goal by Drayson Bowman - Mulligans : 1 - Senators : 0.
6:08 of 1st period - Zemgus Girgensons wins face-off versus Anton Lander in neutral zone.
6:10 of 1st period - Minor Penalty to Dylan Blujus for Slashing.
6:11 of 1st period - Nick Foligno wins face-off versus Anton Lander in Senators zone.
6:16 of 1st period - Icing by Cody Goloubef.
6:17 of 1st period - Nick Foligno wins face-off versus Anton Lander in Mulligans zone.
7:15 of 1st period - Icing by Logan Shaw.
7:16 of 1st period - Patrick Maroon wins face-off versus Maxime Macenauer in Mulligans zone.
7:33 of 1st period - Slapshot by Anton Lander.
7:33 of 1st period - Shot Misses the Net.
8:10 of 1st period - Penalty to Dylan Blujus is over, Dylan Blujus is back on ice.
8:53 of 1st period - Wrist shot by Joonas Donskoi.
8:53 of 1st period - Stopped by Stephon Williams without a rebound.
8:54 of 1st period - Anton Lander wins face-off versus Chandler Stephenson in Senators zone.
9:15 of 1st period - Jonathan Ferland is hit by Jan Mursak and loses puck.
9:22 of 1st period - Wrist shot by Jonathan Ferland.
9:22 of 1st period - Stopped by Stephon Williams with a rebound.
9:24 of 1st period - Slapshot by Jonathan Ferland.
9:24 of 1st period - Deflect By Anton Lander.
9:24 of 1st period - Shot Misses the Net.
9:24 of 1st period - Puck is out of play.
9:25 of 1st period - Zemgus Girgensons wins face-off versus Logan Shaw in Senators zone.
9:38 of 1st period - Snap shot by Zemgus Girgensons.
9:38 of 1st period - Stopped by Calvin Pickard with a rebound.
9:40 of 1st period - Slapshot by Scott Harrington.
9:40 of 1st period - Stopped by Calvin Pickard without a rebound.
9:41 of 1st period - Zemgus Girgensons wins face-off versus Anton Lander in Mulligans zone.
9:55 of 1st period - Icing by Anton Lander.
9:56 of 1st period - Anton Lander wins face-off versus Grant Besse in Mulligans zone.
10:03 of 1st period - Snap shot by Eric Tangradi.
10:03 of 1st period - Shot Misses the Net.
10:05 of 1st period - Snap shot by Michael Sdao.
10:05 of 1st period - Stopped by Stephon Williams without a rebound.
10:06 of 1st period - Eric Tangradi wins face-off versus Jake Evans in Senators zone.
10:49 of 1st period - Cody Goloubef is hit by Matt Frattin and loses puck.
11:43 of 1st period - Icing by Andy Andreoff.
11:44 of 1st period - Anton Lander wins face-off versus Jake Evans in Senators zone.
12:25 of 1st period - Wrist shot by Eric Tangradi.
12:25 of 1st period - Shot Blocked by Dylan Blujus.
12:37 of 1st period - Wrist shot by Nick Foligno.
12:37 of 1st period - Stopped by Calvin Pickard without a rebound.
12:38 of 1st period - Zemgus Girgensons wins face-off versus Maxime Macenauer in Mulligans zone.
12:49 of 1st period - Slapshot by Matt Beleskey.
12:49 of 1st period - Stopped by Stephon Williams with a rebound.
12:51 of 1st period - Snap shot by Maxime Macenauer.
12:51 of 1st period - Stopped by Stephon Williams with a rebound.
12:53 of 1st period - Slapshot by Darren Dietz.
12:53 of 1st period - Shot Blocked by Zemgus Girgensons.
13:18 of 1st period - Wrist shot by Nick Foligno.
13:18 of 1st period - Shot Misses the Net.
13:24 of 1st period - Ben Hutton is hit by Matt Frattin and loses puck.
13:34 of 1st period - Off-side.
13:35 of 1st period - Maxime Macenauer wins face-off versus Chandler Stephenson in neutral zone.
13:50 of 1st period - Snap shot by Matt Beleskey.
13:50 of 1st period - Goal by Matt Beleskey - Mulligans : 2 - Senators : 0.
13:51 of 1st period - Chandler Stephenson wins face-off versus Anton Lander in neutral zone.
14:31 of 1st period - Matt Beleskey is hit by Zemgus Girgensons.
14:59 of 1st period - Off-side.
15:00 of 1st period - Jake Evans wins face-off versus Sam Bennett in neutral zone.
15:34 of 1st period - Wrist shot by Tomas Jurco.
15:34 of 1st period - Shot Misses the Net.
15:36 of 1st period - Wrist shot by Tomas Jurco.
15:36 of 1st period - Shot Misses the Net.
15:48 of 1st period - Wrist shot by Logan Shaw.
15:48 of 1st period - Stopped by Stephon Williams with a rebound.
15:50 of 1st period - Snap shot by Matt Beleskey.
15:50 of 1st period - Goal by Matt Beleskey - Mulligans : 3 - Senators : 0.
15:51 of 1st period - Nick Foligno wins face-off versus Anton Lander in neutral zone.
16:04 of 1st period - Snap shot by Anton Lander.
16:04 of 1st period - Deflect By Eric Tangradi.
16:04 of 1st period - Shot Misses the Net.
16:04 of 1st period - Puck is out of play.
16:05 of 1st period - Maxime Macenauer wins face-off versus Zemgus Girgensons in Senators zone.
16:16 of 1st period - Wrist shot by Matt Beleskey.
16:16 of 1st period - Shot Blocked by Nick Foligno.
16:30 of 1st period - Matt Beleskey is hit by Tomas Jurco and loses puck.
16:39 of 1st period - Jan Mursak is hit by Maxime Macenauer and loses puck.
17:00 of 1st period - Snap shot by Logan Shaw.
17:00 of 1st period - Stopped by Stephon Williams with a rebound.
17:02 of 1st period - Backhand shot by Maxime Macenauer.
17:02 of 1st period - Deflect By Matt Beleskey.
17:02 of 1st period - Stopped by Stephon Williams with a rebound.
17:04 of 1st period - Snap shot by Logan Shaw.
17:04 of 1st period - Stopped by Stephon Williams without a rebound.
17:05 of 1st period - Zemgus Girgensons wins face-off versus Anton Lander in Senators zone.
17:14 of 1st period - Snap shot by Matt Frattin.
17:14 of 1st period - Shot Misses the Net.
17:18 of 1st period - Slapshot by Matt Frattin.
17:18 of 1st period - Shot Misses the Net.
17:20 of 1st period - Slapshot by Scott Harrington.
17:20 of 1st period - Deflect By Nick Foligno.
17:20 of 1st period - Stopped by Calvin Pickard without a rebound.
17:21 of 1st period - Sam Bennett wins face-off versus Jake Evans in Mulligans zone.
17:46 of 1st period - Matt Frattin is hit by Anton Lander and loses puck.
18:15 of 1st period - Snap shot by Jan Mursak.
18:15 of 1st period - Shot Misses the Net.
18:29 of 1st period - Snap shot by Matt Beleskey.
18:29 of 1st period - Shot Blocked by Keegan Lowe.
18:31 of 1st period - Slapshot by Darren Dietz.
18:31 of 1st period - Deflect By Matt Beleskey.
18:31 of 1st period - Shot Misses the Net.
18:31 of 1st period - Puck is out of play.
18:32 of 1st period - Anton Lander wins face-off versus Zemgus Girgensons in Senators zone.
18:37 of 1st period - Snap shot by Eric Tangradi.
18:37 of 1st period - Shot Misses the Net.
18:39 of 1st period - Snap shot by Michael Sdao.
18:39 of 1st period - Deflect By Matt Frattin.
18:39 of 1st period - Stopped by Stephon Williams without a rebound.
18:40 of 1st period - Nick Foligno wins face-off versus Anton Lander in Senators zone.
18:40 of 1st period - Nick Foligno is hit by Anton Lander.
19:07 of 1st period - Snap shot by Andy Andreoff.
19:07 of 1st period - Shot Misses the Net.
19:09 of 1st period - Snap shot by Adam Ollas-Mattsson.
19:09 of 1st period - Deflect By Andy Andreoff.
19:09 of 1st period - Stopped by Calvin Pickard with a rebound.
19:11 of 1st period - Snap shot by Andy Andreoff.
19:11 of 1st period - Stopped by Calvin Pickard without a rebound.
19:12 of 1st period - Eric Tangradi wins face-off versus Jake Evans in Mulligans zone.
19:12 of 1st period - Eric Tangradi is hit by Keegan Lowe.
19:40 of 1st period - Snap shot by Jan Mursak.
19:40 of 1st period - Shot Blocked by Darren Dietz.
19:50 of 1st period - Scott Harrington is hit by Jonathan Ferland and loses puck.
Goals for this period are 3 for Mulligans vs 0 for Senators.
Shots for this period are 13 for Mulligans vs 10 for Senators.

2nd period


0:01 of 2nd period - Sam Bennett wins face-off versus Matt Frattin in neutral zone.
0:07 of 2nd period - Icing by Dylan Blujus.
0:08 of 2nd period - Zemgus Girgensons wins face-off versus Sam Bennett in Senators zone.
0:21 of 2nd period - Wrist shot by Drayson Bowman.
0:21 of 2nd period - Deflect By Matt Frattin.
0:21 of 2nd period - Shot Blocked by Keegan Lowe.
0:21 of 2nd period - Puck is out of play.
0:22 of 2nd period - Maxime Macenauer wins face-off versus Zemgus Girgensons in Senators zone.
1:10 of 2nd period - Slapshot by Tomas Jurco.
1:10 of 2nd period - Stopped by Calvin Pickard with a rebound.
1:12 of 2nd period - Snap shot by Chandler Stephenson.
1:12 of 2nd period - Deflect By Jan Mursak.
1:12 of 2nd period - Stopped by Calvin Pickard without a rebound.
1:13 of 2nd period - Zemgus Girgensons wins face-off versus Matt Beleskey in Mulligans zone.
1:16 of 2nd period - Wrist shot by Nick Foligno.
1:16 of 2nd period - Shot Blocked by Michael Sdao.
1:18 of 2nd period - Snap shot by Jack Dougherty.
1:18 of 2nd period - Stopped by Calvin Pickard without a rebound.
1:19 of 2nd period - Matt Frattin wins face-off versus Maxime Macenauer in Mulligans zone.
1:30 of 2nd period - Slapshot by Matt Frattin.
1:30 of 2nd period - Goal by Matt Frattin - Mulligans : 3 - Senators : 1.
1:31 of 2nd period - Anton Lander wins face-off versus Zemgus Girgensons in neutral zone.
1:36 of 2nd period - Wrist shot by Eric Tangradi.
1:36 of 2nd period - Shot Misses the Net.
1:46 of 2nd period - Snap shot by Eric Tangradi.
1:46 of 2nd period - Stopped by Stephon Williams without a rebound.
1:47 of 2nd period - Maxime Macenauer wins face-off versus Chandler Stephenson in Senators zone.
1:54 of 2nd period - Slapshot by Logan Shaw.
1:54 of 2nd period - Stopped by Stephon Williams with a rebound.
2:31 of 2nd period - Snap shot by Matt Frattin.
2:31 of 2nd period - Stopped by Calvin Pickard with a rebound.
2:50 of 2nd period - Snap shot by Brett Bulmer.
2:50 of 2nd period - Stopped by Calvin Pickard without a rebound.
2:51 of 2nd period - Robby Fabbri wins face-off versus Brett Bulmer in Mulligans zone.
3:29 of 2nd period - Slapshot by Cody Goloubef.
3:29 of 2nd period - Shot Misses the Net.
3:31 of 2nd period - Snap shot by Sven Baertschi.
3:31 of 2nd period - Stopped by Stephon Williams with a rebound.
3:33 of 2nd period - Slapshot by Cody Goloubef.
3:33 of 2nd period - Stopped by Stephon Williams with a rebound.
3:35 of 2nd period - Slapshot by Michael Sdao.
3:35 of 2nd period - Stopped by Stephon Williams with a rebound.
3:37 of 2nd period - Snap shot by Sven Baertschi.
3:37 of 2nd period - Shot Misses the Net.
3:39 of 2nd period - Wrist shot by Sven Baertschi.
3:39 of 2nd period - Shot Blocked by Chandler Stephenson.
3:41 of 2nd period - Slapshot by Darren Dietz.
3:41 of 2nd period - Stopped by Stephon Williams without a rebound.
3:42 of 2nd period - Anton Lander wins face-off versus Zemgus Girgensons in Senators zone.
3:43 of 2nd period - Slapshot by Eric Tangradi.
3:43 of 2nd period - Stopped by Stephon Williams with a rebound.
3:52 of 2nd period - Minor Penalty to Ben Hutton for Interference.
3:53 of 2nd period - Anton Lander wins face-off versus Zemgus Girgensons in Mulligans zone.
4:06 of 2nd period - Snap shot by Eric Tangradi.
4:06 of 2nd period - Stopped by Stephon Williams with a rebound.
4:16 of 2nd period - Minor Penalty to Eric Tangradi for Tripping.
4:17 of 2nd period - Zemgus Girgensons wins face-off versus Anton Lander in Mulligans zone.
5:34 of 2nd period - Nick Foligno is hit by Anton Lander and loses puck.
5:52 of 2nd period - Penalty to Ben Hutton is over, Ben Hutton is back on ice.
6:03 of 2nd period - Keegan Lowe is hit by Michael Sdao and loses puck.
6:16 of 2nd period - Penalty to Eric Tangradi is over, Eric Tangradi is back on ice.
6:40 of 2nd period - Andy Andreoff is hit by Drayson Bowman and loses puck.
7:22 of 2nd period - Ben Hutton is hit by Mason Geertsen.
7:32 of 2nd period - Snap shot by Ben Hutton.
7:32 of 2nd period - Deflect By Joonas Donskoi.
7:32 of 2nd period - Shot Misses the Net.
7:32 of 2nd period - Puck is out of play.
7:33 of 2nd period - Jake Evans wins face-off versus Sam Bennett in Senators zone.
7:48 of 2nd period - Snap shot by Drayson Bowman.
7:48 of 2nd period - Shot Blocked by Patrick Maroon.
8:00 of 2nd period - Wrist shot by Matt Beleskey.
8:00 of 2nd period - Goal by Matt Beleskey - Mulligans : 4 - Senators : 1.
8:01 of 2nd period - Zemgus Girgensons wins face-off versus Anton Lander in neutral zone.
8:16 of 2nd period - Slapshot by Jonathan Ferland.
8:16 of 2nd period - Shot Misses the Net.
8:26 of 2nd period - Jan Mursak is hit by Cody Goloubef and loses puck.
9:07 of 2nd period - Jack Dougherty is hit by Sven Baertschi and loses puck.
9:21 of 2nd period - Minor Penalty to Darren Dietz for Hooking.
9:22 of 2nd period - Anton Lander wins face-off versus Zemgus Girgensons in Mulligans zone.
9:22 of 2nd period - Anton Lander is hit by Dylan Blujus.
11:12 of 2nd period - Icing by Scott Harrington.
11:13 of 2nd period - Warren Foegele wins face-off versus Nick Moutrey in Senators zone.
11:15 of 2nd period - Icing by Scott Harrington.
11:16 of 2nd period - Warren Foegele wins face-off versus Nick Moutrey in Senators zone.
11:21 of 2nd period - Penalty to Darren Dietz is over, Darren Dietz is back on ice.
11:39 of 2nd period - Eric Tangradi is hit by Tomas Jurco and loses puck.
12:28 of 2nd period - Snap shot by Grant Besse.
12:28 of 2nd period - Shot Misses the Net.
12:40 of 2nd period - Sam Bennett is hit by Matt Frattin and loses puck.
12:47 of 2nd period - Snap shot by Nick Foligno.
12:47 of 2nd period - Stopped by Calvin Pickard without a rebound.
12:48 of 2nd period - Chandler Stephenson wins face-off versus Anton Lander in Mulligans zone.
12:57 of 2nd period - Snap shot by Eric Tangradi.
12:57 of 2nd period - Shot Blocked by Chandler Stephenson.
13:01 of 2nd period - Snap shot by Anton Lander.
13:01 of 2nd period - Shot Misses the Net.
13:03 of 2nd period - Slapshot by Michael Sdao.
13:03 of 2nd period - Stopped by Stephon Williams with a rebound.
13:15 of 2nd period - Icing by Adam Ollas-Mattsson.
13:16 of 2nd period - Maxime Macenauer wins face-off versus Zemgus Girgensons in Senators zone.
14:11 of 2nd period - Wrist shot by Matt Beleskey.
14:11 of 2nd period - Shot Misses the Net.
14:13 of 2nd period - Slapshot by Ben Hutton.
14:13 of 2nd period - Shot Misses the Net.
14:15 of 2nd period - Wrist shot by Matt Beleskey.
14:15 of 2nd period - Stopped by Stephon Williams with a rebound.
14:25 of 2nd period - Wrist shot by Logan Shaw.
14:25 of 2nd period - Shot Misses the Net.
14:27 of 2nd period - Wrist shot by Matt Beleskey.
14:27 of 2nd period - Shot Blocked by Mason Geertsen.
14:29 of 2nd period - Wrist shot by Maxime Macenauer.
14:29 of 2nd period - Deflect By Logan Shaw.
14:29 of 2nd period - Shot Blocked by Matt Frattin.
14:29 of 2nd period - Puck is out of play.
14:30 of 2nd period - Anton Lander wins face-off versus Chandler Stephenson in Senators zone.
14:39 of 2nd period - Snap shot by Anton Lander.
14:39 of 2nd period - Shot Misses the Net.
14:41 of 2nd period - Snap shot by Michael Sdao.
14:41 of 2nd period - Deflect By Eric Tangradi.
14:41 of 2nd period - Stopped by Stephon Williams with a rebound.
14:43 of 2nd period - Snap shot by Anton Lander.
14:43 of 2nd period - Shot Blocked by Scott Harrington.
15:00 of 2nd period - Chandler Stephenson is hit by Sven Baertschi and loses puck.
15:08 of 2nd period - Off-side.
15:09 of 2nd period - Anton Lander wins face-off versus Jake Evans in neutral zone.
15:22 of 2nd period - Slapshot by Anton Lander.
15:22 of 2nd period - Stopped by Stephon Williams without a rebound.
15:23 of 2nd period - Blake Coleman wins face-off versus Anton Lander in Senators zone.
15:23 of 2nd period - Blake Coleman is hit by Jonathan Ferland.
15:57 of 2nd period - Snap shot by Joonas Donskoi.
15:57 of 2nd period - Goal by Joonas Donskoi - Mulligans : 5 - Senators : 1.
15:58 of 2nd period - Zemgus Girgensons wins face-off versus Anton Lander in neutral zone.
16:08 of 2nd period - Minor Penalty to Dylan Blujus for Hooking.
16:09 of 2nd period - Anton Lander wins face-off versus Nick Foligno in Senators zone.
17:40 of 2nd period - Nick Foligno is hit by Michael Sdao and loses puck.
17:51 of 2nd period - Scott Harrington is hit by Darren Dietz and loses puck.
18:08 of 2nd period - Penalty to Dylan Blujus is over, Dylan Blujus is back on ice.
18:18 of 2nd period - Joonas Donskoi is hit by Mason Geertsen and loses puck.
18:35 of 2nd period - Darren Dietz is hit by Tomas Jurco and loses puck.
18:44 of 2nd period - Snap shot by Joonas Donskoi.
18:44 of 2nd period - Shot Misses the Net.
18:46 of 2nd period - Snap shot by Sam Bennett.
18:46 of 2nd period - Goal by Sam Bennett - Mulligans : 6 - Senators : 1.
18:46 of 2nd period - Justin Peters enters game.
18:47 of 2nd period - Jake Evans wins face-off versus Anton Lander in neutral zone.
18:50 of 2nd period - Michael Sdao is hit by Andy Andreoff and loses puck.
19:35 of 2nd period - Slapshot by Drayson Bowman.
19:35 of 2nd period - Shot Misses the Net.
19:51 of 2nd period - Minor Penalty to Chandler Stephenson for Holding.
19:52 of 2nd period - Anton Lander wins face-off versus Nick Foligno in Senators zone.
Goals for this period are 3 for Mulligans vs 1 for Senators.
Shots for this period are 15 for Mulligans vs 7 for Senators.

3rd period


0:01 of 3rd period - Anton Lander wins face-off versus Nick Foligno in neutral zone.
0:25 of 3rd period - Jan Mursak is hit by Cody Goloubef and loses puck.
0:32 of 3rd period - Snap shot by Matt Beleskey.
0:32 of 3rd period - Shot Misses the Net.
0:34 of 3rd period - Snap shot by Matt Beleskey.
0:34 of 3rd period - Shot Misses the Net.
0:36 of 3rd period - Wrist shot by Matt Beleskey.
0:36 of 3rd period - Stopped by Justin Peters with a rebound.
0:38 of 3rd period - Slapshot by Darren Dietz.
0:38 of 3rd period - Stopped by Justin Peters without a rebound.
0:39 of 3rd period - Anton Lander wins face-off versus Nick Foligno in Senators zone.
1:11 of 3rd period - Nick Foligno is hit by Matt Beleskey and loses puck.
1:51 of 3rd period - Penalty to Chandler Stephenson is over, Chandler Stephenson is back on ice.
1:53 of 3rd period - Off-side.
1:54 of 3rd period - Sam Bennett wins face-off versus Blake Coleman in neutral zone.
2:18 of 3rd period - Matt Frattin is hit by Matt Beleskey.
2:41 of 3rd period - Slapshot by Tomas Jurco.
2:41 of 3rd period - Goal by Tomas Jurco - Mulligans : 6 - Senators : 2.
2:42 of 3rd period - Anton Lander wins face-off versus Zemgus Girgensons in neutral zone.
2:47 of 3rd period - Slapshot by Eric Tangradi.
2:47 of 3rd period - Goal by Eric Tangradi - Mulligans : 7 - Senators : 2.
2:48 of 3rd period - Anton Lander wins face-off versus Zemgus Girgensons in neutral zone.
2:55 of 3rd period - Eric Tangradi is hit by Dylan Blujus and loses puck.
3:16 of 3rd period - Matt Beleskey is hit by Andy Andreoff and loses puck.
3:25 of 3rd period - Snap shot by Andy Andreoff.
3:25 of 3rd period - Stopped by Calvin Pickard with a rebound.
3:27 of 3rd period - Wrist shot by Andy Andreoff.
3:27 of 3rd period - Shot Blocked by Michael Sdao.
3:29 of 3rd period - Slapshot by Dylan Blujus.
3:29 of 3rd period - Stopped by Calvin Pickard with a rebound.
3:49 of 3rd period - Wrist shot by Jan Mursak.
3:49 of 3rd period - Shot Misses the Net.
4:09 of 3rd period - Wrist shot by Robby Fabbri.
4:09 of 3rd period - Goal by Robby Fabbri - Mulligans : 8 - Senators : 2.
4:10 of 3rd period - Anton Lander wins face-off versus Zemgus Girgensons in neutral zone.
4:15 of 3rd period - Wrist shot by Eric Tangradi.
4:15 of 3rd period - Goal by Eric Tangradi - Mulligans : 9 - Senators : 2.
4:16 of 3rd period - Zemgus Girgensons wins face-off versus Anton Lander in neutral zone.
4:19 of 3rd period - Slapshot by Nick Foligno.
4:19 of 3rd period - Shot Misses the Net.
4:42 of 3rd period - Slapshot by Matt Beleskey.
4:42 of 3rd period - Stopped by Justin Peters without a rebound.
4:43 of 3rd period - Chandler Stephenson wins face-off versus Maxime Macenauer in Senators zone.
4:54 of 3rd period - Slapshot by Maxime Macenauer.
4:54 of 3rd period - Shot Misses the Net.
4:56 of 3rd period - Snap shot by Ben Hutton.
4:56 of 3rd period - Shot Blocked by Mason Geertsen.
4:58 of 3rd period - Slapshot by Darren Dietz.
4:58 of 3rd period - Stopped by Justin Peters with a rebound.
5:08 of 3rd period - Darren Dietz is hit by Matt Frattin and loses puck.
5:32 of 3rd period - Minor Penalty to Valeri Nichushkin for Hooking.
5:33 of 3rd period - Eric Tangradi wins face-off versus Nick Foligno in Mulligans zone.
6:09 of 3rd period - Snap shot by Tomas Jurco.
6:09 of 3rd period - Deflect By Chandler Stephenson.
6:09 of 3rd period - Goal by Chandler Stephenson - Mulligans : 9 - Senators : 3.
6:10 of 3rd period - Matt Frattin wins face-off versus Anton Lander in neutral zone.
6:36 of 3rd period - Cody Goloubef is hit by Keegan Lowe and loses puck.
6:45 of 3rd period - Snap shot by Jan Mursak.
6:45 of 3rd period - Shot Blocked by Cody Goloubef.
6:51 of 3rd period - Minor Penalty to Cody Goloubef for Hooking.
6:52 of 3rd period - Matt Frattin wins face-off versus Anton Lander in Mulligans zone.
7:05 of 3rd period - Wrist shot by Matt Frattin.
7:05 of 3rd period - Deflect By Nick Foligno.
7:05 of 3rd period - Stopped by Calvin Pickard without a rebound.
7:06 of 3rd period - Anton Lander wins face-off versus Zemgus Girgensons in Mulligans zone.
7:42 of 3rd period - Snap shot by Tomas Jurco.
7:42 of 3rd period - Shot Misses the Net.
7:44 of 3rd period - Slapshot by Dylan Blujus.
7:44 of 3rd period - Goal by Dylan Blujus - Mulligans : 9 - Senators : 4.
7:45 of 3rd period - Anton Lander wins face-off versus Zemgus Girgensons in neutral zone.
8:13 of 3rd period - Snap shot by Dylan Blujus.
8:13 of 3rd period - Deflect By Chandler Stephenson.
8:13 of 3rd period - Stopped by Calvin Pickard without a rebound.
8:14 of 3rd period - Chandler Stephenson wins face-off versus Maxime Macenauer in Mulligans zone.
8:52 of 3rd period - Maxime Macenauer is hit by Matt Frattin and loses puck.
9:03 of 3rd period - Snap shot by Zemgus Girgensons.
9:03 of 3rd period - Deflect By Matt Beleskey.
9:03 of 3rd period - Stopped by Calvin Pickard with a rebound.
10:09 of 3rd period - Scott Harrington is hit by Matt Beleskey and loses puck.
10:51 of 3rd period - Wrist shot by Matt Frattin.
10:51 of 3rd period - Stopped by Calvin Pickard without a rebound.
10:52 of 3rd period - Chandler Stephenson wins face-off versus Anton Lander in Mulligans zone.
10:53 of 3rd period - Snap shot by Jan Mursak.
10:53 of 3rd period - Shot Misses the Net.
10:55 of 3rd period - Wrist shot by Chandler Stephenson.
10:55 of 3rd period - Stopped by Calvin Pickard with a rebound.
10:57 of 3rd period - Wrist shot by Jan Mursak.
10:57 of 3rd period - Goal by Jan Mursak - Mulligans : 9 - Senators : 5.
10:58 of 3rd period - Chandler Stephenson wins face-off versus Anton Lander in neutral zone.
11:05 of 3rd period - Snap shot by Jan Mursak.
11:05 of 3rd period - Shot Blocked by Darren Dietz.
11:16 of 3rd period - Chandler Stephenson is hit by Anton Lander and loses puck.
11:29 of 3rd period - Slapshot by Andy Andreoff.
11:29 of 3rd period - Shot Blocked by Sam Bennett.
11:31 of 3rd period - Slapshot by Adam Ollas-Mattsson.
11:31 of 3rd period - Shot Misses the Net.
11:33 of 3rd period - Snap shot by Jake Evans.
11:33 of 3rd period - Shot Misses the Net.
11:35 of 3rd period - Wrist shot by Grant Besse.
11:35 of 3rd period - Shot Misses the Net.
11:37 of 3rd period - Wrist shot by Grant Besse.
11:37 of 3rd period - Goal by Grant Besse - Mulligans : 9 - Senators : 6.
11:38 of 3rd period - Chandler Stephenson wins face-off versus Anton Lander in neutral zone.
11:49 of 3rd period - Snap shot by Tomas Jurco.
11:49 of 3rd period - Shot Misses the Net.
11:51 of 3rd period - Slapshot by Dylan Blujus.
11:51 of 3rd period - Shot Blocked by Robbie Russo.
11:53 of 3rd period - Slapshot by Dylan Blujus.
11:53 of 3rd period - Shot Blocked by Anton Lander.
12:03 of 3rd period - Slapshot by Jake Evans.
12:03 of 3rd period - Stopped by Calvin Pickard with a rebound.
12:09 of 3rd period - Wrist shot by Grant Besse.
12:09 of 3rd period - Shot Misses the Net.
12:13 of 3rd period - Wrist shot by Andy Andreoff.
12:13 of 3rd period - Stopped by Calvin Pickard without a rebound.
12:14 of 3rd period - Chandler Stephenson wins face-off versus Anton Lander in Mulligans zone.
12:21 of 3rd period - Wrist shot by Chandler Stephenson.
12:21 of 3rd period - Shot Blocked by Michael Sdao.
13:02 of 3rd period - Wrist shot by Patrick Maroon.
13:02 of 3rd period - Stopped by Calvin Pickard with a rebound.
13:39 of 3rd period - Snap shot by Jan Mursak.
13:39 of 3rd period - Shot Misses the Net.
15:19 of 3rd period - Snap shot by Maxime Macenauer.
15:19 of 3rd period - Shot Misses the Net.
16:21 of 3rd period - Slapshot by Nick Foligno.
16:21 of 3rd period - Stopped by Calvin Pickard without a rebound.
16:22 of 3rd period - Maxime Macenauer wins face-off versus Zemgus Girgensons in Mulligans zone.
16:29 of 3rd period - Mason Geertsen is hit by Matt Beleskey and loses puck.
17:00 of 3rd period - Snap shot by Jan Mursak.
17:00 of 3rd period - Shot Misses the Net.
17:12 of 3rd period - Snap shot by Joonas Donskoi.
17:12 of 3rd period - Shot Misses the Net.
17:14 of 3rd period - Slapshot by Darren Dietz.
17:14 of 3rd period - Shot Misses the Net.
17:16 of 3rd period - Slapshot by Darren Dietz.
17:16 of 3rd period - Deflect By Joonas Donskoi.
17:16 of 3rd period - Goal by Joonas Donskoi - Mulligans : 10 - Senators : 6.
17:17 of 3rd period - Anton Lander wins face-off versus Zemgus Girgensons in neutral zone.
18:33 of 3rd period - Minor Penalty to Sven Baertschi for Hooking.
18:34 of 3rd period - Eric Tangradi wins face-off versus Matt Frattin in Mulligans zone.
19:33 of 3rd period - Michael Sdao is hit by Tomas Jurco and loses puck.
Goals for this period are 4 for Mulligans vs 5 for Senators.
Shots for this period are 8 for Mulligans vs 16 for Senators.